 Dungeon Crawl Stone Soup version 0.30.0-18-gf1372a6a44 (webtiles) character file.

Game seed: 5321806770309795362

760 qw the Chopper (level 7, -3/44 HPs)
             Began as a Gargoyle Fighter on May 21, 2023.
             Slain by a chaos spawn (7 damage)
             ... summoned by a kobold demonologist
             ... on level 5 of the Dungeon.
             The game lasted 00:01:45 (3289 turns).

qw the Chopper (Gargoyle Fighter)                   Turns: 3289, Time: 00:01:46

Health: -3/44      AC: 20    Str: 21    XL:     7   Next: 80%
Magic:  5/7        EV:  8    Int:  9    God:
Gold:   182        SH:  9    Dex:  9    Spells: 6/6 levels left

rFire   . . .        Y - +0 war axe
rCold   . . .        c - +0 buckler
rNeg    + . .        m - +0 chain mail
rPois   inf          (helmet restricted)
rElec   +            i - +1 cloak
rCorr   .            (no gloves)
SInv    .            j - +1 pair of boots
Will    .....        g - amulet of reflection Stlth
                     (no ring)
HPRegen 0.27/turn    (no ring)
MPRegen 0.10/turn

%: reflection
@: no status effects
A: sickness immunity, AC +4, negative energy resistance 1, electricity
resistance, torment resistance 1, petrification resistance, horns 1, iridescent
scales 1
a: no special abilities


You were on level 5 of the Dungeon.
You visited 1 branch of the dungeon, and saw 5 of its levels.

You collected 224 gold pieces.
You spent 42 gold pieces at shops.


Innate Abilities, Weirdness & Mutations

You are immune to sickness and miasma.
Your stone body is resilient. (AC +4)
You are immune to poison.
You resist negative energy. (rN+)
You are resistant to electric shocks. (rElec)
You are resistant to unholy torment.
You are immune to petrification.
You have a pair of small horns on your head.
You are partially covered in iridescent scales. (AC +2)


   Skills:
 + Level 4.9 Fighting
 - Level 7.0 Axes
 - Level 3.2 Armour
 - Level 1.2 Dodging
 - Level 3.2 Shields


You had 6 spell levels left.
You didn't know any spells.
Your spell library was empty.

Inventory:

Hand Weapons
 k - a +2 flail of protection
 Y - a +0 war axe (weapon)
Armour
 c - a +0 buckler (worn)
 i - a +1 cloak (worn)
 j - a +1 pair of boots (worn)
 m - a +0 chain mail (worn)
Jewellery
 g - an amulet of reflection (around neck)
Wands
 n - a wand of digging (7)
Scrolls
 a - a scroll of identify
Potions
 d - a potion of might
 e - 2 potions of mutation
 h - a potion of lignification {unknown}
 l - 2 potions of curing
 o - a potion of attraction
 p - a potion of degeneration {unknown}
 q - a potion of resistance

Dungeon Overview and Level Annotations

Branches:
Dungeon (5/15)
 Temple: D:4-7

Altars:
Fedhas
The Shining One

Shops:
D:1 (


Message History

The orange demon stings you but does no damage.
You block the orange demon's attack.
You block the kobold demonologist's attack.
The kobold demonologist barely misses you.
The kobold completely misses you.
You miss the kobold demonologist.
The kobold demonologist is heavily wounded.
You hit the kobold demonologist. You hit the kobold.
You kill the kobold!
The orange demon stings you from afar.
The orange demon stings you but does no damage.
The kobold demonologist closely misses you.
The kobold demonologist mumbles some strange words.
You closely miss the kobold demonologist.
The kobold demonologist is heavily wounded.
You closely miss the kobold demonologist.
You closely miss the crimson imp. The orange demon barely misses you.
The orange demon stings you but does no damage.
The kobold demonologist casts a spell.
The kobold demonologist hits you but does no damage.
The crimson imp hits you but does no damage.
The orange demon stings you but does no damage.
You block the quasit's attack. The quasit closely misses you.
The quasit claws you but does no damage.
You slash the kobold demonologist!
The kobold demonologist is severely wounded.
You completely miss the quasit. You closely miss the crimson imp.
You miss the quasit. You hit the chaos spawn. You hit the kobold demonologist.
The orange demon disappears in a puff of smoke!
The quasit barely misses you. The quasit claws you.
The quasit closely misses you.
The quasit bites you but does no damage.
The quasit claws you but does no damage. x2
The kobold demonologist closely misses you.
The kobold demonologist mumbles some strange words.
You block the crimson imp's attack.
The orange demon stings you but does no damage.
The chaos spawn gores you!
You die...

######### #.......#
#.......####
#...........
#.......4######.##
#........5K4......
#####..)...$55@K....#
.......<....#4#5ยค.....
#...##+#+#....#.....##
#. #.####.#.#.# ...[
...# .. #..#.. .. . .
... .## ### # .... ..


You could see an orange demon (summoned), 2 kobold demonologists, 2 chaos spawn,
2 quasits and 2 crimson imps.

Vanquished Creatures
  Grinder (D:4)
  Eustachio (D:4)
  Edmund (D:4)
  A kobold brigand (D:5)
  A scorpion (D:4)
  A hound (D:5)
  Ijyb (D:4)
  Natasha (D:3)
  Robin (D:4)
  4 gnolls (D:4)
  2 adders (D:3)
  2 dart slugs
  5 orcs
  5 ball pythons
  5 endoplasms
  A giant cockroach (D:4)
  11 goblins
  12 hobgoblins
  9 kobolds
  5 quokkas
  5 bats
  4 frilled lizards
  6 rats
85 creatures vanquished.

Notes
Turn   | Place    | Note
-------+----------+-------------------------------------------
     0 | D:1      | qw the Gargoyle Fighter began the quest for the Orb.
     0 | D:1      | Reached XP level 1. HP: 14/14 MP: 1/1
     0 | D:1      | 0 ||| qw: Version: 0.2-a-98-g16b38d9
     0 | D:1      | 0 ||| qw: Game counter: 18
     0 | D:1      | 0 ||| qw: Always use a shield: true
     0 | D:1      | 0 ||| qw: God list: Okawaru
     0 | D:1      | 0 ||| qw: Allow faded altars: false
     0 | D:1      | 0 ||| qw: Do Orc after D:15 true
     0 | D:1      | 0 ||| qw: Do second Lair branch before Depths: true
     0 | D:1      | 0 ||| qw: Lair rune preference: random
     0 | D:1      | 0 ||| qw: Plans: Normal, Zot:1-4, God:TSO, Crypt, Tomb,
                  | Pan, Slime:5, Hells, Abyss, Win
     0 | D:1      | 0 ||| PLANNING D:1-11
    67 | D:1      | 67 ||| Stepping ~*~*~tactically~*~*~ (stealth).
    72 | D:1      | Reached skill level 2 in Axes
   107 | D:1      | Reached XP level 2. HP: 17/19 MP: 2/2
   140 | D:1      | Found a faded altar of an unknown god.
   316 | D:1      | Found Vutziuxt's Weapon Boutique.
   322 | D:1      | 322 ||| BUYING +0 mace (42 gold).
   322 | D:1      | Bought a +0 mace for 42 gold pieces
   322 | D:1      | 322 ||| SHOPLISTING +2 morningstar of holy wrath (268 gold,
                  | have 9).
   322 | D:1      | 322 ||| DROPPING +0 club.
   526 | D:1      | 526 ||| UPGRADING to +0 cloak.
   531 | D:1      | 531 ||| UPGRADING to amulet of reflection.
   536 | D:1      | 536 ||| READING 2 scrolls labelled ZYCAUB UGEAW LEIMM.
   537 | D:1      | 537 ||| READING scroll labelled YBAIHI GEUGASE.
   796 | D:2      | Found a glowing golden altar of the Shining One.
   821 | D:2      | 821 ||| READING scroll of enchant armour.
   821 | D:2      | 821 ||| ENCHANTING +0 cloak.
   993 | D:2      | Reached skill level 3 in Axes
  1129 | D:2      | 1129 ||| READING scroll labelled NYULOH TAYRHI.
  1140 | D:2      | 1140 ||| READING scroll labelled OLA HO POIPTIOD.
  1141 | D:2      | 1141 ||| DRINKING 2 bubbling ruby potions.
  1141 | D:2      | Gained mutation: You have a pair of small horns on your
                  | head. [potion of mutation]
  1141 | D:2      | Gained mutation: You are partially covered in iridescent
                  | scales. (AC +2) [potion of mutation]
  1142 | D:2      | 1142 ||| READING 2 scrolls of identify.
  1142 | D:2      | 1142 ||| IDENTIFYING cyan potion
  1411 | D:2      | Reached XP level 3. HP: 22/23 MP: 3/3
  1420 | D:2      | 1420 ||| Stepping ~*~*~tactically~*~*~ (stealth).
  1623 | D:2      | 1623 ||| READING scroll labelled YMMIS WESI.
  1624 | D:2      | 1624 ||| READING scroll labelled XAOTOE BOVUAD.
  1625 | D:2      | 1625 ||| DRINKING 2 lumpy purple potions.
  1758 | D:3      | 1758 ||| Stepping ~*~*~tactically~*~*~ (stealth).
  1955 | D:3      | Found a blossoming altar of Fedhas.
  1971 | D:3      | 1971 ||| Stepping ~*~*~tactically~*~*~ (stealth).
  1976 | D:3      | 1976 ||| Stepping ~*~*~tactically~*~*~ (stealth).
  1994 | D:3      | 1994 ||| Stepping ~*~*~tactically~*~*~ (stealth).
  2012 | D:3      | Reached XP level 4. HP: 26/28 MP: 4/4
  2095 | D:3      | Reached skill level 4 in Axes
  2144 | D:3      | Noticed Natasha
  2150 | D:3      | Killed Natasha
  2356 | D:3      | 2356 ||| UPGRADING to +1 pair of boots.
  2361 | D:3      | 2361 ||| READING scroll labelled VASARI CIEPI.
  2362 | D:3      | 2362 ||| DRINKING 2 coppery potions.
  2363 | D:3      | 2363 ||| DRINKING 2 red potions.
  2364 | D:3      | 2364 ||| READING 2 scrolls of identify.
  2364 | D:3      | 2364 ||| IDENTIFYING fizzy blue potion
  2365 | D:3      | 2365 ||| DROPPING potion of brilliance.
  2366 | D:3      | 2366 ||| DROPPING potion of invisibility.
  2401 | D:4      | Noticed Grinder
  2403 | D:4      | Paralysed by Grinder for 3 turns
  2411 | D:4      | HP: 3/28 [Grinder (8)]
  2412 | D:4      | 2412 ||| DRINKING 2 potions of heal wounds.
  2415 | D:4      | Paralysed by Grinder for 5 turns
  2418 | D:4      | HP: 4/28 [Grinder (8)]
  2420 | D:4      | 2420 ||| DRINKING potion of heal wounds.
  2424 | D:4      | Paralysed by Grinder for 4 turns
  2430 | D:4      | 2430 ||| Stepping ~*~*~tactically~*~*~ (hiding).
  2443 | D:4      | Paralysed by Grinder for 5 turns
  2448 | D:4      | Killed Grinder
  2449 | D:4      | Reached skill level 6 in Axes
  2449 | D:4      | Reached XP level 5. HP: 31/32 MP: 5/5
  2449 | D:4      | Reached XP level 6. HP: 36/37 MP: 6/6
  2541 | D:4      | 2541 ||| DROPPING +0 mace.
  2544 | D:4      | Noticed Edmund
  2564 | D:4      | Killed Edmund
  2565 | D:4      | Reached XP level 7. HP: 13/44 MP: 7/7
  2566 | D:4      | Reached skill level 1 in Dodging
  2590 | D:4      | Noticed Robin
  2595 | D:4      | Killed Robin
  2617 | D:4      | 2617 ||| Stepping ~*~*~tactically~*~*~ (stealth).
  2668 | D:4      | 2668 ||| Stepping ~*~*~tactically~*~*~ (stealth).
  2669 | D:4      | 2669 ||| Stepping ~*~*~tactically~*~*~ (stealth).
  2680 | D:4      | 2680 ||| DROPPING +0 flail.
  2687 | D:4      | 2687 ||| Stepping ~*~*~tactically~*~*~ (stealth).
  2708 | D:4      | 2708 ||| Stepping ~*~*~tactically~*~*~ (stealth).
  2768 | D:4      | Noticed Eustachio
  2769 | D:4      | Noticed Ijyb
  2770 | D:4      | 2770 ||| Stepping ~*~*~tactically~*~*~ (hiding).
  2787 | D:4      | Killed Eustachio
  2798 | D:4      | Killed Ijyb
  3227 | D:4      | 3227 ||| UPGRADING to +0 chain mail.
  3237 | D:4      | 3237 ||| DROPPING +0 scale mail.
  3238 | D:4      | 3238 ||| READING scroll labelled KIUCEI LURGHA.
  3259 | D:5      | Entered Level 5 of the Dungeon
  3268 | D:5      | Noticed a kobold demonologist
  3270 | D:5      | Noticed a kobold demonologist
  3274 | D:5      | Noticed an orange demon
  3276 | D:5      | Noticed a chaos spawn
  3280 | D:5      | Reached skill level 7 in Axes
  3283 | D:5      | Noticed an orange demon
  3285 | D:5      | HP: 9/44 [orange demon[a kobold demonologist] (4)]
  3289 | D:5      | Noticed a chaos spawn
  3289 | D:5      | HP: 4/44 [quasit[a kobold demonologist] (1)]
  3289 | D:5      | Slain by a chaos spawn

Levels and vault maps discovered:
D:1:      minmay_arrival_open_corners, layout_rooms, serial_shops,
          nicolae_shop_scrapyard, basic_ecumenical_altar, corexii_corridor_pit,
          minmay_tiny_reverse_x
D:2:      wad_lake_hut, layout_loops_corners, basic_altar
D:3:      layout_basic, mainiacjoe_overflow_24_doors, st_stairs_3, uniq_natasha
D:4:      layout_basic, uniq_grinder, uniq_edmund, uniq_robin, uniq_ijyb,
          uniq_eustachio
D:5:      lemuel_castle_with_subvaults [lemuel_castle_interior_original],
          layout_basic, mainiacjoe_overflow_six_doors_small,
          chequers_serial_rivers_room_a, uniq_blork_the_orc

Skill      XL: |  1  2  3  4  5  6  7 |
---------------+----------------------+-----
Axes           | 2 3 6 7 |  7.0
Fighting       | 4 |  4.9
Dodging        | 1 |  1.2
Armour         | |  3.2
Shields        | |  3.2

Action                     |  1- 3 |  4- 6 |  7- 9 || total
---------------------------+-------+-------+-------++-------
  Melee: War axe           |   125 |    83 |    80 ||   288
         Headbutt          |    10 |    12 |     9 ||    31
         Unarmed           |       |       |    13 ||    13
    Use: Scroll            |     8 |     2 |     1 ||    11
         Potion            |     2 |     4 |       ||     6
   Stab: Invisible         |       |     1 |       ||     1
 Armour: Scale mail        |    53 |    37 |    28 ||   118
         Chain mail        |       |       |    41 ||    41
         Skin              |       |       |     6 ||     6
  Dodge: Dodged            |    34 |    26 |    49 ||   109
  Block: Buckler           |    48 |    34 |    53 ||   135
         Reflection        |       |     1 |     2 ||     3
         Other             |       |       |     5 ||     5

Table legend:
 A = Non-vault XP
 B = Vault XP
 C = Vault XP percentage of total XP
 D = Non-vault monster count
 E = Vault monster count
 F = Vault count percentage of total count
                 A         B        C        D         E       F
            +---------+---------+-------+---------+---------+-------
      Total |     335 |     752 |  69.2 |      64 |      21 |  24.7
            +---------+---------+-------+---------+---------+-------
        D:1 |      19 |       3 |  13.6 |      12 |       2 |  14.3
        D:2 |      17 |       0 |   0.0 |      10 |       0 |   0.0
        D:3 |      67 |      39 |  36.8 |      24 |       3 |  11.1
        D:4 |     156 |     710 |  82.0 |      13 |      16 |  55.2
        D:5 |      76 |       0 |   0.0 |       5 |       0 |   0.0
            +---------+---------+-------+---------+---------+-------
